cohdb
Replays
Latest Replays
All Replays
Popular Replays
Top Player Replays
Match Explorer
How It Works
Community
CoH3 Stats
Reddit
Sign in to upload your games and track your stats! →
Sign in with Steam
Match 38097042
Unlisted
Match 38097042
Overview
Messages
Build Orders
End
Selects Australian Defense Battlegroup
Selects Australian Light Infantry Section
Vickers Machine Gun Team
Australian Light Infantry Section
Construct Section Command Post
Infantry Section
Infantry Section
Dingo Light Scout Car
Infantry Section
Construct Platoon Command Post
Selects 2-pounder Anti-tank Gun Team
Humber Armored Car
Infantry Training
Grenade Package
CMP 15cwt Truck
Infantry Section
Construct Company Command Post
Crusader II Medium Tank
SneaKerz
gb_gbg
maracifio
RaideraK
0
0
Comments
sign in to comment!
No comments posted yet!